 Dungeon Crawl Stone Soup version 0.28-a0-312-gbced6e68ee (webtiles) character file.

Game seed: 3740834169792600280

606 zxzxzxzx the Slasher (level 7, 53/53 HPs)
             Began as a Djinni Cinder Acolyte on Aug 31, 2021.
             Was a Believer of Ignis.
             Got out of the dungeon alive.
             The game lasted 00:13:30 (4584 turns).

zxzxzxzx the Slasher (Djinni Cinder Acolyte)        Turns: 4584, Time: 00:13:31

Health: 53/53      AC:  3    Str: 15    XL:     7   Next: 71%
Gold:   42         EV: 15    Int: 16    God:    Ignis [**....] SH:  0 Dex:  8

rFire   + + +      SeeInvis .   a - -1 falchion (flame)
rCold   . . .      Faith    .   (no shield)
rNeg    . . .      Spirit   .   h - +1 robe {rC+}
rPois   ∞          Reflect  .   (no helmet)
rElec   .          Harm     .   (no cloak)
rCorr   .          Rampage  .   (no gloves)
Will    .....                   (boots unavailable)
Stlth   +.........              (no amulet)
HPRegen 0.17/turn               k - +4 ring of slaying
MPRegen 0.00/turn               p - +4 ring of evasion

@: flying
A: sickness immunity, fire resistance 2, cold vulnerability 1, float, innate
caster, hp casting, extra vitality 1
a: Renounce Religion, Sea of Fire, Foxfire Swarm, Rising Flame


You escaped.
You worshipped Ignis.
Ignis was pleased with you.
You visited 1 branch of the dungeon, and saw 5 of its levels.

You collected 151 gold pieces.
You spent 109 gold pieces at shops.

Inventory:

Hand Weapons
 a - a -1 falchion of flaming (weapon)
Armour
 b - a +0 robe
 d - a +0 ring mail
 h - a +1 robe of cold resistance (worn)
Jewellery
 k - a +4 ring of slaying (left hand)
 p - a +4 ring of evasion (right hand)
Wands
 g - a wand of flame (17)
Scrolls
 f - a scroll of acquirement {unknown}
 j - a scroll of magic mapping {unknown}
 l - a scroll of holy word {unknown}
 m - 2 scrolls of teleportation
 n - a scroll of brand weapon {unknown}
 q - a scroll of noise
 r - a scroll of immolation
 s - a scroll of fear
 t - a scroll of fog
 v - a scroll of enchant armour {unknown}
Potions
 c - 2 potions of cancellation
 e - a potion of lignification {unknown}
 i - a potion of ambrosia
 o - a potion of haste
 u - a potion of attraction {unknown}


   Skills:
 + Level 4.5 Fighting
 + Level 5.0 Long Blades
 * Level 3.9 Spellcasting


You had 7 spell levels left.
You knew the following spells:

 Your Spells              Type           Power      Damage    Failure   Level
a - Foxfire               Conj/Fire      60%        2x1d7     3%          1
b - Summon Small Mammal   Summ           60%        N/A       3%          1
c - Call Imp              Summ           15%        N/A       4%          2
d - Blink                 Tloc           N/A        N/A       4%          2
Your spell library was empty.

Dungeon Overview and Level Annotations

Branches:
Dungeon (5/15)
 Temple: D:4-7

Altars:
Cheibriados
Kikubaaqudgha

Shops:
D:4 ?

Annotations:
D:5 Pikel


Innate Abilities, Weirdness & Mutations

You are immune to sickness and miasma.
You are immune to poison.
Your flesh is very heat resistant. (rF++)
You are vulnerable to cold. (rC-)
You float through the air rather than walking.
You learn spells naturally, not from books.
Your magical power is your life essence.
You have superior vitality. (+4 HP)


Message History

Your crimson imp closely misses the lemure.
There is a stone staircase leading up here.
Pikel zaps a wand.
The bolt of acid misses your crimson imp.
The bolt of acid hits you!! The acid corrodes you!
You fly upwards.
Your summoned ally is left behind.
There is a stone staircase leading down here.
You start resting.
You are no longer corroded.
You start resting.
HP restored.
Casting: Call Imp (safe; 4% risk of failure)
Confirm with . or Enter, or press ? or * to list all spells.
Okay, then.
There is a stone staircase leading down here.
There is an entrance to Qyguvib's Magic Scroll Shop here.
There is a stone staircase leading up here.
You fly upwards.
There is a stone staircase leading down here.
There is a stone staircase leading up here.
You fly upwards.
There is a stone staircase leading down here.
You begin to rise into the air.
Number of times to repeat, then command key: You must enter the number of times for the command to repeat.
With a burst of heat and light, you rocket upward!
There is a shaft here.
Casting: Call Imp (safe; 4% risk of failure)
Confirm with . or Enter, or press ? or * to list all spells.
You don't know that spell.
Casting: Call Imp (safe; 4% risk of failure)
Confirm with . or Enter, or press ? or * to list all spells.
You don't know that spell.
You see here 18 sling bullets.
You see here a +0 dagger.
You see here a +0 club.
You see here a +0 dagger.
There is a staircase leading out of the dungeon here.
Are you sure you want to leave the Dungeon?
This will make you lose the game!
You have escaped!

##..≈P≈≈.P...≈≈##
#.....≈P.....P≈≈#
#....PP.P.≈...≈≈#
##..........≈≈≈##
#.≈≈≈....PP≈.≈≈≈#
#.P≈.........#.≈#
#......P..≈..#≈##
#.≈≈.P........##
#..≈≈.....)..@#
###############


There were no monsters in sight!

Vanquished Creatures
  Sigmund (D:2)
  A howler monkey (D:4)
  Jessica (D:2)
  Natasha (thrice) (D:2)
  4 adders
  2 worms
  A dart slug (D:4)
  2 orcs (D:4)
  11 ball pythons
  3 bats
  8 endoplasms
  2 giant cockroaches
  7 goblins
  8 hobgoblins
  7 frilled lizards
  6 kobolds
  2 rats
69 creatures vanquished.

Vanquished Creatures (collateral kills)
  A black bear (D:4)
  A scorpion (D:4)
  2 orc wizards (D:4)
  2 dart slugs (D:1)
  An orc (D:4)
  A kobold (D:1)
8 creatures vanquished.

Vanquished Creatures (others)
  139 foxfires
  A plant (D:1)
140 creatures vanquished.

Grand Total: 217 creatures vanquished

Notes
Turn   | Place    | Note
-------+----------+-------------------------------------------
     0 | D:1      | zxzxzxzx the Djinni Cinder Acolyte began the quest for the
                  | Orb.
     0 | D:1      | Reached XP level 1. HP: 20/20 MP: 0/0
   251 | D:1      | Reached XP level 2. HP: 20/25 MP: 0/0
   346 | D:1      | Reached skill level 3 in Long Blades
   826 | D:1      | Reached XP level 3. HP: 27/30 MP: 0/0
   826 | D:1      | Learned a level 1 spell: Summon Small Mammal
  1649 | D:2      | Noticed Jessica
  1657 | D:2      | Killed Jessica
  1658 | D:2      | Reached XP level 4. HP: 29/37 MP: 0/0
  1688 | D:2      | Noticed Natasha
  1695 | D:2      | Killed Natasha
  1717 | D:2      | Noticed Natasha
  1726 | D:2      | Killed Natasha
  1727 | D:2      | Reached XP level 5. HP: 22/41 MP: 0/0
  1727 | D:2      | Learned a level 2 spell: Call Imp
  1742 | D:2      | Noticed Sigmund
  1747 | D:2      | Killed Sigmund
  1748 | D:2      | Reached skill level 4 in Long Blades
  1748 | D:2      | Reached XP level 6. HP: 20/47 MP: 0/0
  2074 | D:2      | Noticed Natasha
  2080 | D:2      | Killed Natasha
  2098 | D:2      | Found a faded altar of an unknown god.
  3148 | D:4      | Reached XP level 7. HP: 52/53 MP: 0/0
  3148 | D:4      | Learned a level 2 spell: Blink
  3221 | D:4      | Found Qyguvib's Magic Scroll Shop.
  3235 | D:4      | Bought a scroll of noise for 11 gold pieces
  3235 | D:4      | Bought a scroll of immolation for 38 gold pieces
  3235 | D:4      | Bought a scroll of fear for 38 gold pieces
  3235 | D:4      | Bought a scroll of fog for 22 gold pieces
  3736 | D:4      | Reached skill level 5 in Long Blades
  3822 | D:4      | Found a snail-covered altar of Cheibriados.
  4207 | D:5      | Entered Level 5 of the Dungeon
  4241 | D:5      | Noticed Pikel
  4584 | D:$      | Got out of the dungeon alive.

Illustrated notes

Levels and vault maps discovered:
D:1:      lemuel_arrival_muddy, layout_basic, hangedman_decor_clover_reticule,
          minivault_19, corexii_item_surrounded_by_moat
D:2:      layout_basic, basic_ecumenical_altar,
          wander_ebering_terrifying_dragon_lair, uniq_sigmund, uniq_natasha,
          uniq_jessica
D:3:      layout_loops_ring, nicolae_kikubaaqudgha_miasma_corner
D:4:      layout_loops_cross, slow_altar_1, serial_rivers,
          chequers_serial_rivers_small_3, chequers_serial_rivers_large_a,
          chequers_serial_rivers_marsh, chequers_serial_rivers_micro_a,
          chequers_serial_rivers_micro_b, serial_shops, shop, kennysheep_donut
D:5:      layout_loops_ring, serial_shops, nicolae_shop_overgrown_old_shop,
          uniq_pikel, uniq_ijyb, uniq_prince_ribbit1

Skill      XL: |  1  2  3  4  5  6  7 |
---------------+----------------------+-----
Long Blades    | 3 4 5 |  5.0
Fighting       | 4 |  4.5
Spellcasting   | 2 3 |  3.9

Action                   |  1- 3 |  4- 6 |  7- 9 || total
-------------------------+-------+-------+-------++-------
Melee: Falchion          |    81 |    29 |    14 ||   124
 Cast: Foxfire           |    16 |    19 |    16 ||    51
       Summon Small Mamm |     9 |     1 |       ||    10
       Call Imp          |       |     3 |    13 ||    16
Invok: Foxfire Swarm     |       |     5 |       ||     5
       Sea of Fire       |       |     1 |       ||     1
       Rising Flame      |       |       |     1 ||     1
  Use: Scroll            |       |       |     4 ||     4
Armor: Robe              |    22 |     5 |     3 ||    30
Dodge: Dodged            |    51 |    16 |    18 ||    85

Table legend: (Time is in decaauts)
 A = Elapsed time spent in this place.
 B = Non-inter-level travel time spent in this place.
 C = Inter-level travel time spent in this place.
 D = Time resting spent in this place.
 E = Time spent auto-exploring this place.
 F = Levels seen in this place.
 G = Mean time per level.
                   A        B        C        D        E       F      G
               +--------+--------+--------+--------+--------+-----+--------+
         Total |   4607 |   4352 |    255 |    845 |   2554 |   5 |  921.4 |
       Dungeon |   4607 |   4352 |    255 |    845 |   2554 |   5 |  921.4 |
               +--------+--------+--------+--------+--------+-----+--------+

Top non-repeatable levels by time:
     D:1: 1648 daAuts
     D:4: 1399 daAuts
     D:2: 907 daAuts
     D:3: 591 daAuts
     D:5: 61 daAuts
